cohdb
Replays
Latest Replays
All Replays
Popular Replays
Top Player Replays
Match Explorer
How It Works
Community
CoH3 Stats
Reddit
Sign in to upload your games and track your stats! →
Sign in with Steam
Match 37973502
Unlisted
Match 37973502
Overview
Messages
Build Orders
End
Kradschützen Motorcycle Team
Panzergrenadier Squad
250 Light Carrier
Panzergrenadier Squad
Construct Light Support Kompanie
Combat Half-tracks
Fire Support Elements
Assault Mechanized Group
Vehicle Survival Package
Tungsten Core Ammunition
Construct Panzerarmee Kommand
Selects Armored Support Battlegroup
Selects Superior Fire Drills
Selects Salvage Kits
Rapid Advance
Panzer III L Medium Tank
Pak 38 Mechanized Group
Panzer III L Medium Tank
MG34 Team
Selects Panzer Storm
Panzer III L Medium Tank
2.5-tonne Medical Truck
Veteran Squad Leaders
Selects Stuka Anti-tank Loiter
Walking Stuka Rocket Launcher
罐头鸟巢
MonikaのPants
Microsoft Outlook
deadsadbadmad
0
0
Comments
sign in to comment!
No comments posted yet!